 Dungeon Crawl Stone Soup version 0.29.0-5-ge4962eb29e (webtiles) character file.

Game seed: 5010228363337026036

1081 Strat the Cleaver (level 8, 0/62 HPs)
             Began as a Formicid Cinder Acolyte on Aug 30, 2022.
             Was a High Priest of Ignis.
             Slain by a gnoll sergeant
             ... wielding a +3 vorpal spear
              (4 damage)
             ... on level 6 of the Dungeon.
             The game lasted 00:13:07 (8582 turns).

Strat the Cleaver (Formicid Cinder Acolyte)         Turns: 8582, Time: 00:13:08

Health: 0/62       AC:  6    Str: 20    XL:     8   Next: 55%
Magic:  0/9        EV: 10    Int: 13    God:    Ignis [*****.]
Gold:   288        SH:  0    Dex: 11    Spells: 7/9 levels left

rFire   + . .      SeeInvis +   a - +0 war axe
rCold   . . .      Faith    .   (no shield)
rNeg    . . .      Spirit   +   B - +1 ring mail {Will+}
rPois   .          Reflect  .   (helmet unavailable)
rElec   .          Harm     .   (no cloak)
rCorr   .          Rampage  .   (no gloves)
Will    +....                   (no boots)
Stlth   +.........              r - amulet of guardian spirit
HPRegen 0.20/turn               l - ring of wizardry
MPRegen 0.11/turn               (no ring)

@: no status effects
A: permanent stasis, dig shafts and tunnels, antennae 3, four strong arms
a: Dig, Shaft Self, Renounce Religion, Fiery Armour, Foxfire Swarm, Rising Flame


You were on level 6 of the Dungeon.
You worshipped Ignis.
Ignis was extremely pleased with you.
You visited 1 branch of the dungeon, and saw 6 of its levels.

You collected 288 gold pieces.

Inventory:

Hand Weapons
 a - a +0 war axe (weapon)
 x - a -1 vorpal hand axe
Missiles
 k - 5 poisoned darts
 y - a throwing net
Armour
 B - a +1 ring mail of willpower (worn)
Jewellery
 e - a ring of fire
 l - a ring of wizardry (left hand)
 r - an amulet of guardian spirit (around neck)
Wands
 n - a wand of flame (37)
 z - a wand of iceblast (2)
Scrolls
 c - a scroll of fog
 h - 2 scrolls of brand weapon
 m - a scroll of amnesia
 s - a scroll of enchant armour
 t - 2 scrolls of identify
 u - a scroll of magic mapping
 v - a scroll of fear
 w - a scroll of silence
 A - a scroll of enchant weapon {unknown}
Potions
 d - a potion of magic
 f - 4 potions of flight
 g - a potion of brilliance
 i - a potion of heal wounds
 j - a potion of curing
 o - 2 potions of lignification {unknown}
 p - a potion of mutation {unknown}


   Skills:
 - Level 5.0 Fighting
 + Level 8.5 Axes
 - Level 4.0 Armour
 - Level 1.1 Spellcasting
 - Level 3.0 Fire Magic


You had 7 spell levels left.
You knew the following spells:

 Your Spells              Type           Power      Damage    Failure   Level
a - Scorch                Fire           16%        2d5       9%          2

Your spell library contained the following spells:

 Spells                   Type           Power      Damage    Failure   Level
 Beastly Appendage        Tmut           0%         N/A       17%         1
 Freeze                   Ice            0%         1d3       17%         1
 Magic Dart               Conj           0%         1d3       17%         1
 Searing Ray              Conj           0%         2d4       26%         2
 Wereblood                Tmut           0%         N/A       26%         2
 Frozen Ramparts          Ice            0%         1d1       45%         3
 Spider Form              Tmut/Pois      0%         N/A       45%         3
 Fulminant Prism          Conj/Hex       0%         3d6       85%         4
 Hailstorm                Conj/Ice       0%         3d3       85%         4
 Fireball                 Conj/Fire      2%         3d4       92%         5
 Iskenderun's Battlesphe  Conj           0%         2d6       99%         5
 Conjure Ball Lightning   Conj/Air       0%         3x3d6     100%        6
 Orb of Destruction       Conj           0%         9d5       100%        7


Dungeon Overview and Level Annotations

Branches:
Dungeon (6/15)
 Temple: D:4-7

Altars:
Ashenzari
Hepliaklqana
Qazlal
Sif Muna

Shops:
D:2 !   D:5 [   D:6 [

Annotations:
D:6 Edmund


Innate Abilities, Weirdness & Mutations

You cannot be hasted, slowed, berserked, paralysed or teleported.
You can dig through walls and to a lower floor.
You have a pair of large antennae on your head. (SInv)
Your four strong arms can wield two-handed weapons with a shield.


Message History

The gnoll sergeant closely misses you.
The gnoll sergeant hits you from afar with a +3 vorpal spear.
There is a stone staircase leading up here.
Things that are here:
a +1 leather armour; a +0 robe
Casting: Scorch (safe; 9% risk of failure)
Confirm with . or Enter, or press ? or * to list all spells.
Flames lash the gnoll sergeant.
The gnoll sergeant is lightly wounded.
The gnoll sergeant's fire resistance burns away.
The gnoll sergeant hits you from afar with a +3 vorpal spear!
Casting: Scorch (safe; 9% risk of failure)
Confirm with . or Enter, or press ? or * to list all spells.
Flames lash the gnoll sergeant.
The gnoll sergeant is burned terribly!
The gnoll sergeant is moderately wounded.
The gnoll sergeant barely misses you.
Casting: Scorch (safe; 9% risk of failure)
Confirm with . or Enter, or press ? or * to list all spells.
Flames lash the gnoll sergeant.
The gnoll sergeant is moderately wounded.
The gnoll sergeant hits you from afar with a +3 vorpal spear.
* * * LOW HITPOINT WARNING * * *
Casting: Scorch (safe; 9% risk of failure)
Confirm with . or Enter, or press ? or * to list all spells.
You don't have enough magic to cast this spell.
The gnoll sergeant hits you with a +3 vorpal spear.
* * * LOW HITPOINT WARNING * * *
x2 You closely miss the gnoll sergeant.
The gnoll sergeant is moderately wounded.
The gnoll sergeant completely misses you.
You slash the gnoll sergeant!
The gnoll sergeant is almost dead.
The gnoll sergeant hits you with a +3 vorpal spear!
* * * LOW HITPOINT WARNING * * *
x2 The gnoll sergeant attacks as you move away!
The gnoll sergeant hits you with a +3 vorpal spear!
* * * LOW HITPOINT WARNING * * *
x2 The gnoll sergeant hits you from afar with a +3 vorpal spear!
* * * LOW HITPOINT WARNING * * *
You die...

.....##...≈.≈...#
#.##.##..§§.≈≈..#
#.##.##........##
#.##.##.#.....####
#.##.##..........#
#.##.###.##....#.#
#.##.###.##.#....#
#....g........#.##
#......@[....##.# ###
#.##.###(##..##.# #..
#.##.##...#..##.########
#.##.........##.<.......
####
#.#####...##.##.########
.... ..#
##.###.#...####### ####
### #.# #.?..........
#.#####...######.
#........## ##


You could see a gnoll sergeant (combustible).

Vanquished Creatures
  An ice beast (D:5)
  A sky beast (D:6)
  2 centaurs
  A phantom (D:5)
  3 scorpions
  3 hounds
  2 jellies (D:5)
  3 iguanas (D:5)
  Jessica (D:3)
  3 adders
  9 gnolls
  A white imp (D:4)
  An ufetubus (D:6)
  4 worms (D:2)
  2 dart slugs
  7 orcs
  4 endoplasms
  7 giant cockroaches
  9 goblins
  5 hobgoblins
  10 jackals
  6 quokkas
  3 ball pythons (D:1)
  9 bats
  3 frilled lizards
  8 kobolds
  8 rats
116 creatures vanquished.

Notes
Turn   | Place    | Note
-------+----------+-------------------------------------------
     0 | D:1      | Strat the Formicid Cinder Acolyte began the quest for the
                  | Orb.
     0 | D:1      | Reached XP level 1. HP: 18/18 MP: 2/2
   347 | D:1      | Reached XP level 2. HP: 24/24 MP: 3/3
   350 | D:1      | Learned a level 2 spell: Scorch
   805 | D:1      | Reached skill level 4 in Axes
   805 | D:1      | Reached XP level 3. HP: 25/29 MP: 4/4
  1119 | D:1      | Found a faded altar of an unknown god.
  1753 | D:2      | Found Yptefogh's Distillery.
  1770 | D:2      | Found a hazy altar of Hepliaklqana.
  1845 | D:2      | Reached XP level 4. HP: 35/35 MP: 0/5
  2824 | D:3      | Noticed Jessica
  2953 | D:3      | Reached skill level 5 in Axes
  3142 | D:3      | Killed Jessica
  3143 | D:3      | Reached XP level 5. HP: 33/41 MP: 3/6
  4271 | D:4      | Reached skill level 6 in Axes
  4271 | D:4      | Reached skill level 1 in Armour
  4271 | D:4      | Reached XP level 6. HP: 42/47 MP: 1/7
  5336 | D:5      | Entered Level 5 of the Dungeon
  5661 | D:5      | Found a stormy altar of Qazlal.
  5663 | D:5      | Noticed a water elemental
  5664 | D:5      | Noticed an air elemental
  5664 | D:5      | Noticed a fire elemental
  5695 | D:5      | Reached XP level 7. HP: 20/54 MP: 2/8
  6578 | D:5      | Found Ysmubruj's Antique Armour Shoppe.
  6643 | D:5      | Reached skill level 5 in Fighting
  6643 | D:5      | Reached skill level 7 in Axes
  6821 | D:5      | Reached XP level 8. HP: 62/62 MP: 0/9
  7246 | D:6      | Found a broken altar of Ashenzari.
  7623 | D:6      | Reached skill level 8 in Axes
  7760 | D:6      | Found a shimmering blue altar of Sif Muna.
  8039 | D:6      | Found Jaivasese's Antique Armour Shop.
  8069 | D:6      | Noticed Edmund
  8582 | D:6      | Slain by a gnoll sergeant

Illustrated notes

Levels and vault maps discovered:
D:1:      amcnicky_arrival_gap_in_the_tavern_cellar, layout_basic,
          ebering_ecumenical_altar_ruins, chequers_decorated_corner
D:2:      layout_basic, basic_altar, serial_glass, glass_columns_c,
          glass_columns_a, glass_columns_a, glass_columns_a, glass_columns_a,
          glass_columns_a, glass_columns_b, glass_columns_b, serial_shops,
          nicolae_shop_hallway_plus
D:3:      layout_rooms, gup_sewer_entry_pipe, nicolae_elevator_lobby_asterisk,
          uniq_jessica
D:4:      layout_basic
D:5:      layout_loops_ring, nicolae_qazlal_style_of_elements,
          chequers_ossuary_entry_cave, serial_shops,
          nicolae_inconvenience_store, minmay_fractal_squares_gapless_5
D:6:      minmay_octagon_keep, layout_loops_ring, mainiacjoe_overflow_catwalk,
          mainiacjoe_overflow_small_starburst, serial_shops,
          nicolae_take_the_stairs, uniq_sigmund, uniq_edmund, uniq_grinder

Skill      XL: |  1  2  3  4  5  6  7  8 |
---------------+-------------------------+-----
Axes           | 4 5 6 7 8 |  8.5
Armour         | 1 2 4 |  4.0
Fighting       | 4 5 |  5.0
Spellcasting   | |  1.1
Fire Magic     | |  3.0

Action                   |  1- 3 |  4- 6 |  7- 9 || total
-------------------------+-------+-------+-------++-------
Melee: Hand axe          |   104 |   142 |    41 ||   287
       Punch             |     1 |     3 |     2 ||     6
       War axe           |       |       |    47 ||    47
 Cast: Scorch            |    10 |    40 |    48 ||    98
Evoke: Wand              |       |     3 |     2 ||     5
  Use: Scroll            |       |    15 |     1 ||    16
       Potion            |       |     6 |       ||     6
 Stab: Sleeping          |       |     1 |       ||     1
Armor: Robe              |    38 |     4 |       ||    42
       Leather armour    |       |    43 |    29 ||    72
       Ring mail         |       |       |     5 ||     5
Dodge: Dodged            |    81 |    96 |    66 ||   243
